 Dungeon Crawl Stone Soup version 0.21-a0-529-g8c7b3f5 (webtiles) character file.

116 slep the Chopper (level 4, -10/33 HPs)
             Began as a Demonspawn Gladiator on Dec 12, 2017.
             Mangled by a gnoll
             ... wielding a +0 halberd
              (13 damage)
             ... on level 3 of the Dungeon.
             The game lasted 00:04:59 (1970 turns).

slep the Chopper (Demonspawn Gladiator)             Turns: 1970, Time: 00:04:59

Health: -10/33     AC:  4    Str: 15    XL:     4   Next: 70%
Magic:  4/4        EV: 13    Int:  9    God:
Gold:   147        SH:  0    Dex: 15    Spells: 3/3 levels left

rFire    . . .     SeeInvis .   k - +3 hand axe
rCold    . . .     Gourm    .   (no shield)
rNeg     . . .     Faith    .   b - +0 leather armour
rPois    .         Spirit   .   c - +0 helmet
rElec    .         Reflect  .   (no cloak)
rCorr    .         Harm     .   (no gloves)
MR       .....                  (no boots)
Stlth    +.........             (no amulet)
HPRegen  0.11/turn              (no ring)
MPRegen  0.09/turn              (no ring)

@: no status effects
A: spiny 1, rot immunity
a: no special abilities


You were on level 3 of the Dungeon.
You were not hungry.

You visited 1 branch of the dungeon, and saw 3 of its levels.

You collected 147 gold pieces.

Inventory:

Hand Weapons
 a - a +0 war axe
 k - a +3 hand axe (weapon)
Missiles
 d - 4 throwing nets (quivered)
Armour
 b - a +0 leather armour (worn)
 c - a +0 helmet (worn)
Scrolls
 e - 3 scrolls of identify {unknown}
 g - 2 scrolls of magic mapping {unknown}
 j - 3 scrolls of amnesia {unknown}
 m - a scroll of enchant armour {unknown}
 r - 2 scrolls of blinking {unknown}
 s - a scroll of teleportation {unknown}
 v - a scroll of fog {unknown}
Potions
 h - a potion of agility {unknown}
 i - 5 potions of curing {unknown}
 o - a potion of heal wounds {unknown}
 p - a potion of brilliance {unknown}
 q - a potion of ambrosia {unknown}
Comestibles
 f - 4 bread rations
 l - 4 fruits
 n - 2 royal jellies
 t - a meat ration


   Skills:
 + Level 2.2 Fighting
 + Level 3.8 Axes
 + Level 1.8 Throwing
 + Level 1.3 Armour
 + Level 3.5 Dodging
 + Level 0.2 Stealth


You had 3 spell levels left.
You didn't know any spells.

Dungeon Overview and Level Annotations

Branches:
Dungeon (3/15)

Altars:


Innate Abilities, Weirdness & Mutations

You are partially covered in sharp spines.
You are immune to rotting.


Message History

The quokka is almost dead.
The quokka bites you but does no damage.
The quokka is struck by your spines.
You kill the quokka!
The gnoll hits you from afar with a halberd!
A gnoll comes into view. It is wielding a club.
You hit the gnoll but do no damage. The gnoll hits you with a halberd.
The gnoll barely misses you. The gnoll closely misses you.
You barely miss the gnoll. x2; The gnoll completely misses you. x2
The gnoll is struck by your spines. The gnoll hits you with a flail.
You hit the gnoll but do no damage. You barely miss the gnoll.
The gnoll is struck by your spines. The gnoll hits you with a halberd.
* * * LOW HITPOINT WARNING * * *
The gnoll closely misses you. The gnoll hits you with a flail.
* * * LOW HITPOINT WARNING * * *
You closely miss the gnoll.
The gnoll is lightly wounded.
You barely miss the gnoll. The gnoll hits you with a halberd!
You die...

#...........##.###
#.###>............
#.# #.###.####..##
#.# #.# #.# #..#
#.# #.# #.# #..#
#.# #.# #.# #..#
#.###.###.# #..#
#.g........ ...#
#@###.###.# #..#
#g# #.# #.# #..#


.gg ##.## #.# #.# ### You could see 4 gnolls.

Vanquished Creatures
  An orc priest (D:3)
  2 adders (D:2)
  2 oozes
  A worm (D:3)
  A dart slug (D:1)
  A leopard gecko (D:1)
  2 orcs (D:3)
  2 ball pythons
  A giant cockroach (D:2)
  4 goblins
  3 hobgoblins (D:1)
  10 jackals
  3 quokkas (D:3)
  2 bats (D:1)
  6 frilled lizards
  8 kobolds
  2 rats (D:2)
51 creatures vanquished.

Notes
Turn   | Place    | Note
-------+----------+-------------------------------------------
     0 | D:1      | slep the Demonspawn Gladiator began the quest for the Orb.
     0 | D:1      | Reached XP level 1. HP: 16/16 MP: 1/1
   223 | D:1      | Gained mutation: You are partially covered in sharp spines. [demonic ancestry]
   223 | D:1      | Reached XP level 2. HP: 22/22 MP: 2/2
   778 | D:1      | Gained mutation: You are immune to rotting. [demonic ancestry]
   778 | D:1      | Reached XP level 3. HP: 27/27 MP: 3/3
  1648 | D:3      | Reached XP level 4. HP: 24/33 MP: 4/4
  1715 | D:3      | Reached skill level 1 in Armour
  1970 | D:3      | Mangled by a gnoll

Vault maps used:
D:1:      erik_arrival_cave_to_civilisation
D:2:      first_bread
D:3:      ashenzari_altar_1

Skill      XL: |  1  2  3  4 |
---------------+-------------+-----
Axes           | 3 |  3.8
Dodging        | 3 |  3.5
Armour         | 1 |  1.3
Fighting       | |  2.2
Throwing       | |  1.8
Stealth        | |  0.2

Action                   |  1- 3 |  4- 6 || total
-------------------------+-------+-------++-------
Melee: War axe           |    27 |       ||    27
       Hand axe          |    48 |    32 ||    80
 Stab: Sleeping          |     1 |       ||     1
  Eat: Chunk             |     1 |     2 ||     3
Armor: Leather armour    |    17 |     2 ||    19
Dodge: Dodged            |    46 |    28 ||    74

Table legend:
 A = Spawn XP
 B = Non-spawn XP
 C = Spawn XP percentage of total XP
 D = Spawn monster count
 E = Non-spawn monster count
 F = Spawn count percentage of total count
 G = Total turns spent on level
                    A         B        C        D         E        F      G
               +---------+---------+-------+---------+---------+-------+---------
         Total |       0 |     167 |   0.0 |       0 |      51 |   0.0 |  1970
               +---------+---------+-------+---------+---------+-------+---------
           D:1 |       0 |      42 |   0.0 |       0 |      21 |   0.0 |   897
           D:2 |       0 |      47 |   0.0 |       0 |      15 |   0.0 |   684
           D:3 |       0 |      78 |   0.0 |       0 |      15 |   0.0 |   389
               +---------+---------+-------+---------+---------+-------+---------
